 Dungeon Crawl Stone Soup version 0.30-a0-576-g89cddaab80 (webtiles) character file.

Game seed: 8043487207555103273

21725 Persephone the Severer (level 12, -7/124 HPs)
             Began as a Minotaur Berserker on Dec 24, 2022.
             Was a High Priest of Trog.
             Mangled by an orc warrior
             ... wielding a +0 glaive
              (33 damage)
             ... on level 1 of the Orcish Mines on Dec 31, 2022.
             The game lasted 00:21:50 (11547 turns).

Persephone the Severer (Minotaur Berserker)        Turns: 11547, Time: 00:21:50

Health: -7/124     AC: 13    Str: 39    XL:     12   Next: 56%
Magic:  11/11      EV: 11    Int:  4    God:    Trog [*****.]
Gold:   293        SH:  0    Dex: 10    Spells: 11/11 levels left

rFire   + . .      SeeInvis .    L - +4 battleaxe (heavy)
rCold   . . .      Faith    .    (shield currently unavailable)
rNeg    . . .      Spirit   .    r - +3 scale mail {rF+}
rPois   .          Reflect  .    (helmet restricted)
rElec   .          Harm     .    B - +0 cloak
rCorr   .          Rampage  .    (no gloves)
Will    +....                    f - +0 pair of boots Stlth
                                 D - amulet "Toraor" {Regen+ Str+6}
HPRegen 1.20/turn                I - ring of willpower
MPRegen 0.12/turn                F - +6 ring of strength

@: on berserk cooldown, slowed, very slow
A: horns 2, retaliatory headbutt
a: Renounce Religion, Berserk, Trog's Hand, Brothers in Arms


You were on level 1 of the Orcish Mines.
You worshipped Trog.
Trog was extremely pleased with you.
You visited 2 branches of the dungeon, and saw 13 of its levels.
You also visited: Sewer and Ossuary.

You collected 769 gold pieces.
You spent 476 gold pieces at shops.

Inventory:

Hand Weapons
 L - a +4 heavy battleaxe (weapon)
Missiles
 v - 4 throwing nets (quivered)
Armour
 f - a +0 pair of boots (worn)
 h - the +1 chain mail of the Locust {MP-9 Int+2 Stlth+}
   (You bought it in a shop on level 12 of the Dungeon)

   Int:       It affects your intelligence (+2).
   MP:        It affects your magic capacity (-9).
   Stlth:     It makes you more stealthy.
 r - a +3 scale mail of fire resistance (worn)
 B - a +0 cloak (worn)
Jewellery
 D - the amulet "Toraor" (around neck) {Regen+ Str+6}
   (You bought it in a shop on level 9 of the Dungeon)

   [amulet of regeneration]

   Str:       It affects your strength (+6).
   Regen:     It increases your rate of health regeneration.
 E - a ring of protection from cold
 F - a +6 ring of strength (right hand)
 I - a ring of willpower (left hand)
 J - a ring of protection from fire
Wands
 b - a wand of charming (13)
 o - a wand of flame (33)
 N - a wand of polymorph (6)
Scrolls
 a - a scroll of fear
 c - 3 scrolls of noise
 d - 7 scrolls of teleportation
 j - 3 scrolls of magic mapping
 l - 3 scrolls of amnesia
 m - 3 scrolls of blinking
 n - 6 scrolls of enchant armour
 w - 5 scrolls of identify
 A - 5 scrolls of vulnerability
 G - a scroll of enchant weapon
 H - 2 scrolls of fog
Potions
 e - 8 potions of degeneration
 g - 4 potions of haste
 i - 6 potions of brilliance
 k - 4 potions of heal wounds
 p - 4 potions of invisibility
 q - 7 potions of mutation
 s - 4 potions of might
 t - a potion of flight
 u - a potion of ambrosia {unknown}
 x - 5 potions of curing {unknown}
 z - 2 potions of resistance {unknown}
 C - 3 potions of berserk rage {unknown}
 K - a potion of magic {unknown}
Miscellaneous
 y - a box of beasts


   Skills:
 + Level 16.8 Fighting
 + Level 17.8 Axes
 + Level 6.6 Armour
 - Level 2.2 Dodging


You had 11 spell levels left.
You didn't know any spells.
Your spell library was empty.

Dungeon Overview and Level Annotations

Branches:
Dungeon (12/15)            Temple (0/1) D:6            Lair (0/5) D:11
    Orc (1/2) D:12          Sewer (visited)         Ossuary (visited)

Altars:
Ashenzari
Dithmenos
Fedhas
Gozag
Uskayaw
Vehumet
Xom
The Shining One

Shops:
D:5 !!!(=   D:7 *   D:9 *   D:12 *


Innate Abilities, Weirdness & Mutations

You have a pair of horns on your head.
You reflexively headbutt those who attack you in melee.


Message History

You are too injured to fight recklessly!
You are too injured to fight recklessly!
You feel a strong urge to attack something.
The orc knight roars a battlecry!
The orc warrior goes into a battle-frenzy!
You see here 28 gold pieces.
You feel your anger nearly subside.
You are no longer berserk.
You are exhausted.
You feel yourself slow down. The warg barely misses you.
The sentinel's mark upon you fades away.
The orc knight no longer looks unusually strong.
The orc knight roars a battlecry!
The warg barely misses you. You furiously retaliate!
You headbutt the warg, but do no damage.
The warg attacks as you move away! The warg bites you! The warg misses you.
You furiously retaliate!
You headbutt the warg!!
The orc knight roars a battlecry!
The warg bites you!
The orc warrior no longer looks unusually strong.
The warg bites you! The warg bites you but does no damage.
The warg attacks as you move away! The warg barely misses you.
You furiously retaliate!
You headbutt the warg, but do no damage.
The warg bites you. The warg attacks as you move away!
The warg bites you but does no damage.
The orc knight roars a battlecry!
The orc warrior goes into a battle-frenzy!
The warg bites you but does no damage. The warg attacks as you move away!
The warg bites you. x2
The orc knight attacks as you move away!
The orc knight hits you with a +0 broad axe!!
* * * LOW HITPOINT WARNING * * *
The warg barely misses you. You furiously retaliate!
You headbutt the warg!
You kill the warg!
Trog accepts your kill.
The orc warrior hits you from afar with a +0 glaive!!
You die...

..e°E #....##
..°. #$....# #.○
#....## ##
##..###
########....##
###.##.........#
#..........##...#
##o...o.#...#
...#
#@.o#..o.#.##
...# #
##.o.o.......#
#.##
#.#..###......##
## #....###....##
#...)[...####
##........#
#####...##
##.#.....#
##....#.)####


You could see an orc knight, 3 orc warriors and an orc priest (strong).

Vanquished Creatures
  Kirke (D:12)
  An orc warlord (Orc:1)
  Snorg (D:10)
  Fannar (D:10)
  A boulder beetle (D:11)
  4 two-headed ogres
  Nergalle (D:10)
  An orc high priest (Orc:1)
  A deep elf knight (Orc:1)
  Urug (D:10)
  A deep elf zephyrmancer (Orc:1)
  4 orc sorcerers (Orc:1)
  A cyclops (D:12)
  An ugly thing (D:11)
  Joseph (D:7)
  2 gargoyles
  2 unseen horrors (D:11)
  4 trolls
  Prince Ribbit (D:8)
  A shadow (D:9)
  3 wyverns
  5 yaks (D:9)
  3 hogs (D:12)
  3 wraiths
  3 wargs
  9 vampire mosquitoes
  Menkaure (D:6)
  An acid dragon (D:9)
  Duvessa (D:7)
  7 orc warriors
  An ice beast (D:6)
  A sky beast (D:7)
  A black bear (D:6)
  2 ogres
  5 centaurs
  A phantom (D:6)
  A kobold brigand (D:6)
  2 bullfrogs (D:8)
  A gnoll sergeant (D:4)
  Blork the orc (D:4)
  A necrophage (D:5)
  6 water moccasin zombies (Ossuary)
  3 wights (D:9)
  Dowan (D:7)
  10 howler monkeys
  Crazy Yiuf (D:4)
  5 hounds
  16 orc priests
  A gnoll bouda (D:7)
  3 jellies (Sewer)
  Terence (D:3)
  5 iguanas
  8 orc wizards
  Natasha (twice) (D:3)
  2 mummies (Ossuary)
  12 gnolls
  8 adders
  2 river rats
  A shadow imp (D:7)
  4 white imps
  5 adder zombies (Ossuary)
  A worm (D:3)
  3 dart slugs
  26 orcs
  10 endoplasms
  7 giant cockroaches
  6 hobgoblins
  3 jackals (D:1)
  9 kobolds
  4 quokkas
  8 ball pythons
  3 bats
  9 frilled lizards
  4 gnoll zombies (Ossuary)
  3 goblins
  A goblin zombie (D:5)
  5 hobgoblin zombies (Ossuary)
  3 kobold zombies (Ossuary)
  5 orc zombies (Ossuary)
  13 rats
  A rat zombie (D:5)
  A bush (D:4)
305 creatures vanquished.

Vanquished Creatures (others)
  2 orcs (D:11)
  3 fungi (D:4)
5 creatures vanquished.

Grand Total: 310 creatures vanquished

Notes
Turn   | Place    | Note
-------+----------+-------------------------------------------
     0 | D:1      | Persephone the Minotaur Berserker began the quest for the
                  | Orb.
     0 | D:1      | Reached XP level 1. HP: 19/19 MP: 0/0
    76 | D:1      | Reached skill level 4 in Axes
   130 | D:1      | Reached XP level 2. HP: 27/27 MP: 1/1
   489 | D:1      | Reached ** piety under Trog
   494 | D:1      | Reached skill level 5 in Axes
   520 | D:1      | Reached XP level 3. HP: 33/33 MP: 2/2
   748 | D:1      | Upgraded the game from 0.30-a0-534-gdc55766716 to
                  | 0.30-a0-576-g89cddaab80
  1139 | D:2      | Found a hide-covered altar of Uskayaw.
  1810 | D:3      | Noticed Natasha
  1810 | D:3      | Noticed Terence
  1811 | D:3      | You fall into a shaft and drop 2 floors!
  1811 | D:5      | Entered Level 5 of the Dungeon
  1818 | D:5      | Found an opulent altar of Gozag.
  1872 | D:3      | Killed Natasha
  1873 | D:3      | Reached skill level 6 in Axes
  1873 | D:3      | Reached XP level 4. HP: 40/40 MP: 3/3
  1890 | D:3      | Found a glowing drain.
  1894 | Sewer    | Entered a sewer
  2059 | Sewer    | Reached *** piety under Trog
  2063 | Sewer    | Reached skill level 7 in Axes
  2063 | Sewer    | Reached XP level 5. HP: 35/46 MP: 4/4
  2134 | Sewer    | Found a viscous altar of Jiyva.
  2283 | D:3      | Killed Terence
  2284 | D:3      | Reached skill level 8 in Axes
  2332 | D:5      | Reached XP level 6. HP: 20/52 MP: 5/5
  2351 | D:5      | Found a shadowy altar of Dithmenos.
  2409 | D:5      | Found a sand-covered staircase.
  2416 | Ossuary  | Entered an ossuary
  2504 | Ossuary  | Reached skill level 9 in Axes
  2602 | Ossuary  | Reached XP level 7. HP: 51/60 MP: 6/6
  2613 | Ossuary  | Reached skill level 5 in Fighting
  3231 | D:3      | Noticed Natasha
  3248 | D:3      | Killed Natasha
  3369 | D:4      | Reached **** piety under Trog
  3461 | D:4      | Reached skill level 10 in Axes
  3657 | D:4      | Found a glowing golden altar of the Shining One.
  3659 | D:4      | Noticed Blork the orc
  3666 | D:4      | Killed Blork the orc
  3808 | D:4      | Found a broken altar of Ashenzari.
  4071 | D:4      | Found a runed translucent door.
  4072 | D:4      | Noticed Crazy Yiuf
  4077 | D:4      | Killed Crazy Yiuf
  4236 | D:5      | Reached XP level 8. HP: 55/71 MP: 7/7
  4319 | D:5      | Found Sitorgh's Distillery.
  4336 | D:5      | Found Xiakoups's Distillery.
  4390 | D:5      | Found Raixkaez's Antique Weapon Boutique.
  4402 | D:5      | Found Ippa's Distillery.
  4544 | D:5      | Found Piqeyd's Jewellery Shop.
  5104 | D:6      | Reached skill level 11 in Axes
  5249 | D:6      | Noticed Menkaure
  5252 | D:6      | Killed Menkaure
  5319 | D:6      | Found a blossoming altar of Fedhas.
  5379 | D:6      | Found a shimmering altar of Xom.
  5480 | D:6      | Found a staircase to the Ecumenical Temple.
  5612 | D:6      | Reached XP level 9. HP: 77/82 MP: 8/8
  5616 | D:6      | Reached skill level 12 in Axes
  5755 | D:7      | Found Ycsidaos's General Store.
  6012 | D:7      | Noticed Dowan
  6012 | D:7      | Noticed Duvessa
  6018 | D:7      | Killed Dowan
  6023 | D:7      | Killed Duvessa
  6037 | D:7      | Noticed Joseph
  6059 | D:7      | Killed Joseph
  6060 | D:7      | Reached skill level 10 in Fighting
  6505 | D:7      | Reached skill level 13 in Axes
  6962 | D:8      | Noticed Prince Ribbit
  6989 | D:8      | Killed Prince Ribbit
  7095 | D:8      | Noticed a troll
  7113 | D:8      | Killed a troll
  7136 | D:8      | Reached XP level 10. HP: 67/96 MP: 9/9
  7562 | D:9      | Reached skill level 14 in Axes
  8501 | D:9      | Found Sexuph's Assorted Antiques.
  8504 | D:9      | Bought a coiled golden amulet for 125 gold pieces
  8504 | D:9      | Identified the amulet "Toraor" {Regen+ Str+6} (You bought
                  | it in a shop on level 9 of the Dungeon)
  8842 | D:10     | Entered Level 10 of the Dungeon
  8889 | D:10     | Noticed Snorg
  8897 | D:10     | Killed Snorg
  9095 | D:10     | Noticed a gargoyle
  9102 | D:10     | Killed a gargoyle
  9171 | D:10     | Noticed Urug
  9177 | D:10     | Killed Urug
  9178 | D:10     | Reached skill level 15 in Axes
  9217 | D:10     | Noticed Fannar
  9222 | D:10     | Noticed Nergalle
  9230 | D:10     | Killed Fannar
  9231 | D:10     | Reached XP level 11. HP: 58/108 MP: 10/10
  9235 | D:10     | Killed Nergalle
  9825 | D:11     | Noticed a white ugly thing
  9836 | D:11     | Killed a white ugly thing
  9864 | D:11     | Noticed a boulder beetle
  9965 | D:11     | Killed a boulder beetle
 10033 | D:11     | Noticed a two-headed ogre
 10040 | D:11     | Killed a two-headed ogre
 10041 | D:11     | Reached skill level 16 in Axes
 10071 | D:11     | Noticed a two-headed ogre
 10079 | D:11     | Killed a two-headed ogre
 10080 | D:11     | Reached skill level 15 in Fighting
 10183 | D:11     | Noticed a two-headed ogre
 10189 | D:11     | Killed a two-headed ogre
 10299 | D:11     | Found a staircase to the Lair.
 10503 | D:11     | Found a radiant altar of Vehumet.
 11004 | D:12     | Found a staircase to the Orcish Mines.
 11028 | D:12     | Found Oxkyam's Assorted Antiques.
 11033 | D:12     | Bought a jewelled chain mail for 351 gold pieces
 11033 | D:12     | Identified the +1 chain mail of the Locust {MP-9 Int+2
                  | Stlth+} (You bought it in a shop on level 12 of the
                  | Dungeon)
 11162 | D:12     | Noticed Kirke
 11165 | D:12     | Reached skill level 17 in Axes
 11171 | D:12     | Killed Kirke
 11172 | D:12     | Reached XP level 12. HP: 122/122 MP: 11/11
 11456 | Orc:1    | Entered Level 1 of the Orcish Mines
 11518 | Orc:1    | Paralysed by an orc sorcerer for 2 turns
 11519 | Orc:1    | Noticed an orc warlord
 11521 | Orc:1    | Noticed an orc high priest
 11523 | Orc:1    | Reached ***** piety under Trog
 11523 | Orc:1    | Noticed a two-headed ogre
 11526 | Orc:1    | Reached skill level 5 in Armour
 11527 | Orc:1    | Killed an orc warlord
 11529 | Orc:1    | Killed an orc high priest
 11529 | Orc:1    | Killed a two-headed ogre
 11547 | Orc:1    | Mangled by an orc warrior

Illustrated notes

Levels and vault maps discovered:
D:1:      dpeg_arrival_rhombus, layout_basic, nicolae_figureground_pulse
D:2:      layout_loops_ring, basic_altar, serial_co_window_serial,
          co_window_of_opportunity_a, co_window_paths_b, co_window_paths_a,
          co_window_paths_a, co_window_corner_a, co_window_broadway_c,
          co_window_unsneaky_path_d, co_window_cross_4, co_window_4corner_b,
          glass_columns_a, glass_columns_b, glass_columns_a, glass_columns_c,
          glass_columns_a, minmay_fountain_box, grunt_ministairs_5
D:3:      layout_basic, gup_sewer_entry_bowl, hangedman_decor_growths,
          uniq_natasha, uniq_terence
D:4:      layout_rooms, tso_metal_star, nicolae_ashenzari_panopticon,
          lightli_minifort, uniq_crazy_yiuf_cottage, uniq_blork_the_orc
D:5:      layout_basic, grunt_gozag_breadcrumbs,
          grunt_dithmenos_smoke_and_mirrors, enter_ossuary_4, serial_shops,
          shop, nicolae_take_the_stairs, nicolae_stop_n_shop_2,
          nicolae_square_shop, shop
D:6:      layout_loops_cross, mainiacjoe_overflow_large_starburst,
          minmay_temple_entry_statues_fountains, uniq_menkaure
D:7:      layout_layer_cave, serial_shops, nicolae_diamond_shop, uniq_joseph,
          uniq_duvessa
D:8:      layout_rooms, minivault_11, uniq_prince_ribbit1
D:9:      nicolae_cairo_tiling_large, layout_loops_ring,
          nicolae_overflow_hidden_temple, serial_shops, kennysheep_mini_moat,
          minmay_misc_feat_rows
D:10:     layout_grid_maze, uniq_nergalle, uniq_snorg, uniq_urug, uniq_fannar
D:11:     nicolae_BIG_FREAKIN_CUBE, layout_loops_ring,
          erik_lair_orcish_takeover, serial_rivers,
          chequers_serial_rivers_micro_a, chequers_serial_rivers_room_b,
          chequers_serial_rivers_micro_e, chequers_serial_rivers_micro_c,
          chequers_serial_rivers_micro_b, fiery_altar_vehumet
D:12:     layout_long_grid, orc_0_dummy, serial_shops, shop, uniq_kirke
Orc:1:    layout_diamond_mine, serial_shops, shop,
          portal_ice_cave_entry_pillars_2, elf_legates

Skill      XL: |  1  2  3  4  5  6  7  8  9 10 11 12 |
---------------+-------------------------------------+-----
Axes           | 4 5 6 7 8 9 10 11 13 15 17 | 17.8
Fighting       | 4 6 8 11 13 16 | 16.8
Armour         | 4 6 |  6.6
Dodging        | |  2.2

Action                   |  1- 3 |  4- 6 |  7- 9 | 10-12 || total
-------------------------+-------+-------+-------+-------++-------
Melee: Hand axe          |    95 |   184 |   185 |       ||   464
       Headbutt          |    11 |    26 |    72 |    38 ||   147
       Punch             |     2 |     2 |     3 |     1 ||     8
       War axe           |       |       |   196 |    35 ||   231
       Battleaxe         |       |       |       |   160 ||   160
Invok: Trog's Hand       |       |     3 |     6 |     1 ||    10
       Berserk           |       |       |     6 |     7 ||    13
  Use: Scroll            |     5 |     1 |    13 |     3 ||    22
       Potion            |       |       |     1 |       ||     1
Armor: Animal skin       |    11 |       |       |       ||    11
       Chain mail        |    21 |    25 |       |       ||    46
       Scale mail        |       |    45 |   151 |    84 ||   280
Dodge: Dodged            |    59 |    68 |   160 |   125 ||   412

Table legend: (Time is in decaauts)
 A = Elapsed time spent in this place.
 B = Non-inter-level travel time spent in this place.
 C = Inter-level travel time spent in this place.
 D = Time resting spent in this place.
 E = Time spent auto-exploring this place.
 F = Levels seen in this place.
 G = Mean time per level.
                   A        B        C        D        E       F      G
               +--------+--------+--------+--------+--------+-----+--------+
         Total |  11635 |  11193 |    442 |      0 |   9154 |  15 |  775.7 |
       Dungeon |  10836 |  10394 |    442 |      0 |   8667 |  12 |  903.0 |
  Orcish Mines |     95 |     95 |      0 |      0 |     35 |   1 |   95.0 |
         Sewer |    390 |    390 |      0 |      0 |    259 |   1 |  390.0 |
       Ossuary |    312 |    312 |      0 |      0 |    192 |   1 |  312.0 |
               +--------+--------+--------+--------+--------+-----+--------+

Top non-repeatable levels by time:
     D:9: 1287 daAuts
     D:7: 1248 daAuts
    D:11: 1122 daAuts
    D:10: 1068 daAuts
     D:2: 1039 daAuts
     D:4: 894 daAuts
     D:5: 844 daAuts
     D:1: 774 daAuts
     D:6: 756 daAuts
     D:3: 701 daAuts
     D:8: 598 daAuts
    D:12: 502 daAuts
   Sewer: 390 daAuts
 Ossuary: 312 daAuts
   Orc:1: 95 daAuts
